 Dungeon Crawl Stone Soup version 0.20.1-1-g8b1a95d (webtiles) character file.

9359 Mesmaeker13 the Nimble (level 11, -9/54 HPs)
             Began as a Deep Elf Earth Elementalist on July 8, 2017.
             Was an Elder of Vehumet.
             Mangled by an orc warrior
             ... wielding a +0 hand axe
              (22 damage)
             ... on level 9 of the Dungeon.
             The game lasted 00:49:12 (14054 turns).

Mesmaeker13 the Nimble (DEEE)                      Turns: 14054, Time: 00:49:12

Health: -9/54      AC:  6    Str:  7    XL:     11   Next: 22%
Magic:  31/32      EV: 22    Int: 28    God:    Vehumet [****..]
Gold:   721        SH:  0    Dex: 15    Spells: 5/16 levels left

rFire    . . .     SeeInvis .   u - staff of power
rCold    . . .     Gourm    .   (no shield)
rNeg     . . .     Faith    .   R - +2 robe {MR+}
rPois    .         Spirit   .   O - +0 helmet
rElec    .         Reflect  .   (no cloak)
rCorr    .         Harm     .   (no gloves)
MR       ++...                  r - +0 pair of boots
Stlth    ++........             (no amulet)
Regen    0.2/turn               N - +2 ring of evasion
MPRegen  0.3/turn               F - +6 ring of intelligence

@: drained
A: no striking features
a: Renounce Religion


You were on level 9 of the Dungeon.
You worshipped Vehumet.
Vehumet was greatly pleased with you.
You were not hungry.

You visited 2 branches of the dungeon, and saw 11 of its levels.
You also visited: Sewer.

You collected 721 gold pieces.

Inventory:

Hand Weapons
 t - a +0 blowgun
 L - the +6 quarterstaff of Action {drain, Int+4}
   (You found it on level 6 of the Dungeon)

   A truly terrible weapon, it drains the life of those it strikes.
   It affects your intelligence (+4).
Missiles
 q - 120 stones (quivered)
 w - 15 poisoned needles
Armour
 g - a +0 buckler
 r - a +0 pair of boots (worn)
 O - a +0 helmet (worn)
 P - a +0 shield
 R - a +2 robe of magic resistance (worn)
Magical Staves
 u - an uncursed staff of power (weapon)
Jewellery
 k - an uncursed ring of fire {unknown}
 B - an uncursed ring of resist corrosion
 F - a +6 ring of intelligence (right hand)
 N - a +2 ring of evasion (left hand)
 Q - an uncursed ring of see invisible {unknown}
Scrolls
 f - 5 scrolls of amnesia
 i - 4 scrolls of remove curse
 p - 5 scrolls of teleportation
 v - 2 scrolls of magic mapping {unknown}
 y - a scroll of fear {unknown}
 C - 3 scrolls of immolation
 G - 4 scrolls of fog {unknown}
 I - 3 scrolls of enchant weapon {unknown}
 J - 2 scrolls of blinking {unknown}
 K - 3 scrolls of recharging {unknown}
 T - 2 scrolls of identify
Potions
 a - 4 potions of magic
 b - a potion of haste {unknown}
 c - a potion of cancellation {unknown}
 j - 4 potions of brilliance
 l - 3 potions of mutation {unknown}
 m - a potion of invisibility {unknown}
 n - a potion of agility {unknown}
 o - 6 potions of curing {unknown}
 s - 3 potions of might {unknown}
 x - 2 potions of heal wounds {unknown}
 z - a potion of flight {unknown}
 A - 2 potions of degeneration {unknown}
 E - a potion of lignification {unknown}
 S - a potion of berserk rage {unknown}
Books
 e - a book of Geomancy

   Spells                             Type                      Level
   a - Sandblast                      Earth                        1
   b - Passwall                       Transmutation/Earth          2
   c - Stone Arrow                    Conjuration/Earth            3
   d - Petrify                        Transmutation/Earth          4
   e - Lee's Rapid Deconstruction     Earth                        5
 D - a book of Conjurations

   Spells                             Type                      Level
   a - Magic Dart                     Conjuration                  1
   b - Searing Ray                    Conjuration                  2
   c - Dazzling Spray                 Conjuration/Hexes            3
   d - Fulminant Prism                Conjuration/Hexes            4
   e - Force Lance                    Conjuration/Translocation    4
   f - Iskenderun's Mystic Blast      Conjuration                  4
Comestibles
 d - 5 bread rations
 h - 5 meat rations
 H - 6 royal jellies
 M - 5 fruits


   Skills:
 + Level 11.6(11.3) Dodging
 - Level 2.4(2.1) Stealth
 - Level 5.0(4.7) Shields
 - Level 3.0(2.7) Spellcasting
 + Level 10.4(10.1) Conjurations
 - Level 1.1(0.8) Transmutations
 + Level 10.7(10.4) Earth Magic


You had 5 spell levels left.
You knew the following spells:

 Your Spells              Type           Power        Failure   Level  Hunger
a - Sandblast             Erth           ######       1%          1    None
b - Stone Arrow           Conj/Erth      ######       1%          3    ###....
c - Passwall              Tmut/Erth      #####.....   1%          2    ##.....
d - Lee's Rapid Deconstr  Erth           ######....   1%          5    ######.


Dungeon Overview and Level Annotations

Branches:
Dungeon (10/15)            Temple (1/1) D:6            Lair (0/6) D:9
    Orc (0/2) D:10

Altars:
Ashenzari
Cheibriados
Dithmenos
Elyvilon
Fedhas
Gozag
Hepliaklqana
Kikubaaqudgha
Makhleb
Nemelex Xobeh
Okawaru
Qazlal
Ru
Sif Muna
Trog
Uskayaw
Vehumet
Xom
Yredelemnul
Zin
The Shining One

Shops:
D:8 *   D:9 (   D:10 %

Annotations:
D:3 Freeplumber's ghost, amateur TrAM


Message History

The orc warrior hits you with a hand axe!
You climb upwards.
There is a stone staircase leading down here.
The orc warrior completely misses you.
Things that are here:
a hand axe; a robe; a dagger
Things that are here:
a ring mail; a whip
Casting: Stone Arrow
Confirm with . or Enter, or press ? or * to list all spells.
Which direction?
The orc warrior hits you with a hand axe!!
* * * LOW HITPOINT WARNING * * *
You begin to meditate on the wall.
You continue meditating on the rock.
The orc warrior closely misses you.
You continue meditating on the rock.
The orc warrior closely misses you.
You continue meditating on the rock.
The orc warrior hits you with a hand axe!!
You die...

.##.....######...♣.∩.♣#........#
....#.#.##.....###.♣..[.......##
...........######.............#
.........### #..#...........#
.........# #.###..........#
..####...# #.# #..........#
....##...# #.# #..........#
###..#...# ##o###..........#
##.....# ###.@##...........#
##.#### #...###..########## ###
### ########## ###### ###
#.###.######..##.# #.#..# #..
##........)###.#..# ##.######.
##..).###.........#####...##.#.
###..###.####................#..#
...### ### #.#####.....).......#.
#### #.###.†##............#


You could see an orc warrior.

Vanquished Creatures
  Joseph (D:10)
  A hippogriff (D:8)
  Sigmund (D:4)
  7 yaks
  A human (D:10)
  Grum (D:8)
  2 wyverns (D:9)
  2 hungry ghosts
  3 hogs (D:10)
  A basilisk (D:9)
  An acid dragon (D:9)
  A water moccasin (D:7)
  2 phantoms (D:5)
  3 ice beasts
  An orc warrior (D:8)
  A sky beast (D:7)
  An eye of draining (D:9)
  7 ogres
  4 wolves (D:8)
  6 centaurs
  3 crocodiles
  3 big kobolds
  4 bullfrogs
  A gnoll sergeant (D:6)
  An elf skeleton (D:9)
  A troll zombie (D:9)
  3 scorpions
  6 killer bees (D:8)
  15 wights
  A troll skeleton (D:9)
  A howler monkey (D:8)
  4 crimson imps
  2 quasits
  2 centaur zombies
  5 human zombies (D:9)
  5 jellies
  6 orc priests
  8 hounds
  11 orc wizards
  A bullfrog skeleton (D:7)
  A human skeleton (D:9)
  3 iguanas
  4 worker ants
  A killer bee zombie (D:8)
  A hound zombie (D:7)
  2 mummies (D:9)
  A howler monkey zombie (D:8)
  21 gnolls
  A howler monkey skeleton (D:4)
  13 adders
  A shadow imp (D:10)
  2 oozes (D:4)
  An adder zombie (D:8)
  An adder skeleton (D:7)
  4 worms
  4 dart slugs
  7 leopard geckos
  32 orcs
  2 ball pythons
  5 giant cockroaches
  3 goblins
  6 hobgoblins
  15 jackals
  5 quokkas
  9 bats
  12 frilled lizards
  A jackal skeleton (D:6)
  21 kobolds
  2 quokka skeletons (D:6)
  8 rats
319 creatures vanquished.

Notes
Turn   | Place    | Note
-------+----------+-------------------------------------------
     0 | D:1      | Mesmaeker13 the Deep Elf Earth Elementalist began the quest for the Orb.
     0 | D:1      | Reached XP level 1. HP: 10/10 MP: 6/6
   346 | D:1      | Reached XP level 2. HP: 15/15 MP: 5/8
   629 | D:2      | Found a shattered altar of Ashenzari.
   726 | D:2      | Reached skill level 3 in Dodging
   806 | D:2      | Reached skill level 1 in Shields
  1034 | D:2      | Reached XP level 3. HP: 19/19 MP: 7/9
  1041 | D:2      | Learned a level 3 spell: Stone Arrow
  1466 | D:1      | Reached XP level 4. HP: 9/24 MP: 4/10
  2334 | D:3      | Noticed Freeplumber's ghost (amateur TrAM)
  2428 | D:3      | Found an iron altar of Okawaru.
  2430 | D:3      | Found a sparkling altar of Nemelex Xobeh.
  2710 | D:2      | Reached skill level 1 in Conjurations
  2974 | D:3      | Reached XP level 5. HP: 14/28 MP: 1/11
  3249 | D:2      | Learned a level 2 spell: Passwall
  3583 | D:3      | Reached skill level 4 in Dodging
  4658 | D:4      | Found a glowing drain.
  4665 | D:4      | Reached XP level 6. HP: 32/32 MP: 12/12
  4712 | Sewer    | Entered a sewer
  5176 | D:4      | Noticed Sigmund
  5222 | D:4      | Killed Sigmund
  5222 | D:4      | Reached skill level 5 in Dodging
  5222 | D:4      | Reached skill level 5 in Earth Magic
  5222 | D:4      | Reached XP level 7. HP: 28/36 MP: 10/13
  6320 | D:5      | Entered Level 5 of the Dungeon
  6991 | D:5      | Learned a level 5 spell: Lee's Rapid Deconstruction
  6997 | D:5      | Reached skill level 6 in Dodging
  6997 | D:5      | Reached XP level 8. HP: 41/41 MP: 14/14
  7571 | D:5      | Reached skill level 5 in Conjurations
  7748 | D:5      | Found an ancient bone altar of Kikubaaqudgha.
  7961 | D:6      | Reached skill level 7 in Dodging
  7991 | D:6      | Found a white marble altar of Elyvilon.
  8069 | D:6      | Found a snail-covered altar of Cheibriados.
  8179 | D:6      | Got a bloodstained quarterstaff
  8201 | D:6      | Found a staircase to the Ecumenical Temple.
  8236 | Temple   | Entered the Ecumenical Temple
  8331 | Temple   | Became a worshipper of Vehumet
  8347 | D:6      | Reached skill level 5 in Shields
  8466 | D:6      | Reached XP level 9. HP: 43/45 MP: 15/15
  8574 | D:6      | Found a shadowy altar of Dithmenos.
  8574 | D:6      | Found a hazy altar of Hepliaklqana.
  8664 | D:6      | Identified the +6 quarterstaff of Action {drain, Int+4} (You found it on level 6 of the Dungeon)
  8782 | D:7      | Found a burning altar of Makhleb.
  8914 | D:7      | Noticed a hand axe
  8914 | D:7      | Noticed a hand axe
  8918 | D:7      | Found a hide-covered altar of Uskayaw.
  8988 | D:7      | Reached * piety under Vehumet
  8988 | D:7      | Offered knowledge of Sting by Vehumet.
  9310 | D:7      | Reached skill level 8 in Dodging
 10437 | D:8      | Reached ** piety under Vehumet
 10437 | D:8      | Offered knowledge of Freeze by Vehumet.
 10516 | D:8      | Reached skill level 9 in Dodging
 10622 | D:8      | Found Laenuup's Elemental Accessories.
 10828 | D:8      | Noticed Grum
 10832 | D:8      | Killed Grum
 10843 | D:8      | Reached XP level 10. HP: 35/50 MP: 10/16
 11614 | D:9      | Reached skill level 10 in Dodging
 11617 | D:9      | Offered knowledge of Ignite Poison by Vehumet.
 11903 | D:9      | Found Legaqitrep's Antique Weapon Boutique.
 12083 | D:9      | Reached *** piety under Vehumet
 12239 | D:9      | Found a staircase to the Lair.
 12333 | D:9      | Found an opulent altar of Gozag.
 12392 | D:9      | Reached skill level 10 in Earth Magic
 12508 | D:9      | Found a basalt altar of Yredelemnul.
 12758 | D:9      | Offered knowledge of Conjure Flame by Vehumet.
 12800 | D:9      | Reached skill level 11 in Dodging
 12992 | D:10     | Entered Level 10 of the Dungeon
 13158 | D:10     | Found a staircase to the Orcish Mines.
 13200 | D:10     | Noticed Joseph
 13247 | D:10     | Reached skill level 10 in Conjurations
 13276 | D:10     | Reached XP level 11. HP: 54/54 MP: 17/17
 13511 | D:10     | Reached **** piety under Vehumet
 13518 | D:10     | Offered knowledge of Bolt of Magma by Vehumet.
 13725 | D:10     | Killed Joseph
 13955 | D:10     | Found Bocvupn's Food Boutique.
 14054 | D:9      | Mangled by an orc warrior

Skill      XL: |  1  2  3  4  5  6  7  8  9 10 |
---------------+-------------------------------+-----
Dodging        | 3 4 5 6 7 9 11 | 11.6
Shields        | 1 2 3 5 |  5.0
Earth Magic    | 4 5 6 7 8 10 | 10.7
Conjurations   | 1 2 3 4 5 8 10 | 10.4
Stealth        | |  2.4
Spellcasting   | |  3.0
Transmutations | |  1.1

Action                   |  1- 3 |  4- 6 |  7- 9 | 10-12 || total
-------------------------+-------+-------+-------+-------++-------
Melee: Short sword       |    21 |   101 |       |       ||   122
       Staff             |       |    66 |   108 |    55 ||   229
       Quarterstaff      |       |       |       |    59 ||    59
 Fire: Blowgun           |       |     3 |     2 |       ||     5
Throw: Throwing net      |     2 |     6 |     2 |     1 ||    11
       Stone             |     1 |       |       |       ||     1
 Cast: Sandblast         |    42 |     3 |    51 |     2 ||    98
       Stone Arrow       |     3 |    52 |   149 |   133 ||   337
       Passwall          |       |       |     3 |     1 ||     4
       Lee's Rapid Decon |       |       |     9 |    27 ||    36
Evoke: Wand              |       |       |     1 |     2 ||     3
  Use: Scroll            |     1 |     5 |     3 |     2 ||    11
       Potion            |       |     1 |       |       ||     1
 Stab: Sleeping          |     1 |       |     1 |     2 ||     4
       Distracted        |       |     1 |       |       ||     1
  Eat: Chunk             |     1 |    13 |    26 |    20 ||    60
       Bread ration      |       |     1 |     1 |     1 ||     3
       Fruit             |       |       |     1 |       ||     1
       Meat ration       |       |       |       |     1 ||     1
Armor: Robe              |    10 |    25 |    28 |    17 ||    80
Dodge: Dodged            |    48 |   171 |   182 |   151 ||   552
Block: Buckler           |       |    27 |    66 |    17 ||   110
